 Dungeon Crawl Stone Soup version 0.24-a0-201-gf205589 (webtiles) character file.

Game seed: 13518253753643337918

22 Borgoz the Cutter (level 3, -4/22 HPs)
             Began as a Kobold Gladiator on Mar 24, 2019.
             Slain by a worm (7 damage)
             ... on level 2 of the Dungeon.
             The game lasted 00:01:15 (441 turns).

Borgoz the Cutter (Kobold Gladiator)                 Turns: 441, Time: 00:01:16

Health: -4/22      AC:  4    Str: 16    XL:     3   Next: 7%
Magic:  3/4        EV: 16    Int: 10    God:
Gold:   34         SH:  0    Dex: 16    Spells: 3/3 levels left

rFire    + . .     SeeInvis .   a - +0 rapier
rCold    + . .     Gourm    .   (shield restricted)
rNeg     . . .     Faith    .   b - +0 leather armour
rPois    +         Spirit   .   c - +0 helmet
rElec    +         Reflect  .   (no cloak)
rCorr    +         Harm     .   (no gloves)
MR       .....                  (no boots)
Stlth    ++........             (no amulet)
HPRegen  0.07/turn              (no ring)
MPRegen  0.09/turn              (no ring)

@: mighty, lethally poisoned (-4 -> -7), resistant
A: small, carnivore
a: no special abilities


You were on level 2 of the Dungeon.
You were full.

You visited 1 branch of the dungeon, and saw 2 of its levels.

You collected 34 gold pieces.

Inventory:

Hand Weapons
 a - a +0 rapier (weapon)
Missiles
 d - 3 throwing nets (quivered)
 k - 2 tomahawks
Armour
 b - a +0 leather armour (worn)
 c - a +0 helmet (worn)
Scrolls
 e - a scroll of identify {unknown}
 j - a scroll of random uselessness {unknown}
Potions
 g - 2 potions of haste
 i - a potion of resistance
Comestibles
 f - a ration


   Skills:
 + Level 2.4 Fighting
 + Level 4.2 Short Blades
 + Level 2.4 Throwing
 + Level 0.3 Armour
 + Level 3.8 Dodging
 + Level 1.1 Stealth
 + Level 0.7 Spellcasting


You had 3 spell levels left.
You didn't know any spells.
Your spell library was empty.

Dungeon Overview and Level Annotations

Branches:
Dungeon (2/15)

Altars:


Innate Abilities, Weirdness & Mutations

You are small and have problems with some larger weapons.
You are carnivorous and can eat meat at any time.


Message History

You barely miss the worm.
You feel sick. The worm bites you.
* * * LOW HITPOINT WARNING * * *
You hit the worm.
The worm is moderately wounded.
The worm bites you but does no damage.
Okay, then.
It was a potion of might.
You feel very mighty all of a sudden.
* * * LOW HITPOINT WARNING * * *
You feel sick.
It was a potion of resistance.
You feel protected.
You puncture the worm!
The worm is severely wounded.
The worm misses you.
You barely miss the worm.
The worm is heavily wounded.
* * * LOW HITPOINT WARNING * * *
You feel sick. The worm bites you!
You die...

...........
...)......# .#
#.........##?#
#.........##(##
##.........#..#####
.##.....##....#...## #
.####.###...$......#.#
.####.##$............#
...##..#.......w@....#
##..##.#...$...%.....#
##..#.##......%)..#.#
##.........##...## #
#......#########
#).....# #......#
########


You could see a worm.

Vanquished Creatures
  An adder (D:2)
  A leopard gecko (D:2)
  2 bats
  2 giant cockroaches (D:2)
  A goblin (D:1)
  A hobgoblin (D:2)
  2 frilled lizards (D:2)
  A kobold (D:2)
  2 rats (D:2)
13 creatures vanquished.

Notes
Turn   | Place    | Note
-------+----------+-------------------------------------------
     0 | D:1      | Borgoz the Kobold Gladiator began the quest for the Orb.
     0 | D:1      | Reached XP level 1. HP: 12/12 MP: 1/1
   133 | D:2      | Reached XP level 2. HP: 7/17 MP: 2/2
   429 | D:2      | Reached skill level 1 in Stealth
   429 | D:2      | Reached XP level 3. HP: 14/22 MP: 2/4
   441 | D:2      | Slain by a worm

Levels and vault maps discovered:
D:1:      ncdulo_watergridlock, layout_basic
D:2:      layout_rooms, eat_drink_and_be_merry_uskayaw, minmay_worlds_worst_comb

Skill      XL: |  1  2 |
---------------+-------+-----
Stealth        | 1 |  1.1
Fighting       | |  2.4
Short Blades   | |  4.2
Throwing       | |  2.4
Armour         | |  0.3
Dodging        | |  3.8
Spellcasting   | |  0.7

Action                   || total
-------------------------++-------
Melee: Rapier            ||    46
  Use: Potion            ||     3
  Eat: Chunk             ||     3
Armor: Leather armour    ||    12
Dodge: Dodged            ||    49

Table legend:
 A = Non-vault XP
 B = Vault XP
 C = Vault XP percentage of total XP
 D = Non-vault monster count
 E = Vault monster count
 F = Vault count percentage of total count
                 A         B        C        D         E       F
            +---------+---------+-------+---------+---------+-------
      Total |      32 |       0 |   0.0 |      13 |       0 |   0.0
            +---------+---------+-------+---------+---------+-------
        D:1 |       4 |       0 |   0.0 |       2 |       0 |   0.0
        D:2 |      28 |       0 |   0.0 |      11 |       0 |   0.0
            +---------+---------+-------+---------+---------+-------
